 Dungeon Crawl Stone Soup version 0.29-a0-330-g52719c12eb (webtiles) character file.

Game seed: 5141158630078778744

24237 night the Markstengu (level 13, -3/83 HPs)
             Began as a Tengu Hunter on May 5, 2022.
             Was a High Priest of Zin.
             Slain by a blink frog (15 damage)
             ... on level 1 of the Lair of Beasts.
             The game lasted 00:33:08 (15880 turns).

night the Markstengu (Tengu Hunter)                Turns: 15880, Time: 00:33:08

Health: -3/83      AC:  9    Str: 18    XL:     13   Next: 11%
Magic:  19/19      EV: 24    Int: 11    God:    Zin [*****.]
Gold:   515        SH:  0    Dex: 25    Spells: 12/12 levels left

rFire   + + +      SeeInvis .   a - +4 longbow of the Foot {venom, *Slow Fly rF+++ Dex-2}
rCold   + . .      Faith    .   (shield currently unavailable)
rNeg    . . .      Spirit   .   s - +3 leather armour {rC+}
rPois   .          Reflect  .   (helmet restricted)
rElec   .          Harm     .   M - +2 cloak
rCorr   .          Rampage  .   (no gloves)
Will    .....                   (boots unavailable)
Stlth   +++.......              (no amulet)
HPRegen 0.23/turn               p - +6 ring of strength
MPRegen 0.16/turn               d - ring of Yfomni Kuuch {rF+ Dex+6 Slay+3 Stlth+}

@: flying quickly and evasively, quick
A: beak, talons 3, nimble flight
a: Renounce Religion, Recite, Vitalisation, Imprison, Sanctuary, Donate Gold


You were on level 1 of the Lair of Beasts.
You worshipped Zin.
Zin was extremely pleased with you.
You visited 3 branches of the dungeon, and saw 13 of its levels.
You also visited: Sewer.

You collected 842 gold pieces.
You spent 243 gold pieces at shops.
You donated 84 gold pieces to Zin.

Inventory:

Hand Weapons
 a - the +4 longbow of the Foot (weapon) {venom, *Slow Fly rF+++ Dex-2}
   (You acquired it on level 5 of the Dungeon)

   Any ammunition fired from it poisons the flesh of those it strikes.
   Dex:       It affects your dexterity (-2).
   rF:        It renders you almost immune to fire.
   Fly:       It grants you flight.
   *Slow:     It may slow you when you take damage.
 G - a +3 battleaxe
 J - a +5 scimitar
Missiles
 v - 4 curare-tipped darts
Armour
 s - a +3 leather armour of cold resistance (worn)
 M - a +2 cloak (worn)
Jewellery
 d - the ring of Yfomni Kuuch (right hand) {rF+ Dex+6 Slay+3 Stlth+}
   (You acquired it on level 3 of the Dungeon)

   [ring of dexterity]

   Dex:       It affects your dexterity (+6).
   Slay:      It affects your accuracy & damage with ranged weapons and melee
   (+3).
   rF:        It protects you from fire.
   Stlth:     It makes you more stealthy.
 p - a +6 ring of strength (left hand)
 x - a ring of willpower
 F - a ring of willpower
Wands
 u - a wand of flame (28)
 B - a wand of iceblast (8)
 L - a wand of paralysis (6)
Scrolls
 b - a scroll of enchant weapon {unknown}
 c - 2 scrolls of immolation
 k - 2 scrolls of noise
 l - 2 scrolls of holy word
 m - 16 scrolls of identify
 n - 3 scrolls of teleportation
 o - 2 scrolls of vulnerability
 y - a scroll of fear
 E - a scroll of enchant armour
 I - a scroll of blinking
Potions
 g - 3 potions of might {unknown}
 h - 8 potions of curing {unknown}
 i - 3 potions of flight
 j - 2 potions of degeneration {unknown}
 q - a potion of haste {unknown}
 r - 2 potions of brilliance
 t - 2 potions of lignification {unknown}
 w - 2 potions of heal wounds
 A - 2 potions of attraction {unknown}
 C - 3 potions of mutation {unknown}
 H - a potion of invisibility {unknown}


   Skills:
 + Level 10.7 Fighting
 - Level 4.2 Long Blades
 - Level 2.0 Axes
 * Level 16.4 Bows
 + Level 9.7 Dodging
 - Level 1.0 Stealth
 + Level 6.9 Invocations


You had 12 spell levels left.
You didn't know any spells.
Your spell library contained the following spells:

 Spells                   Type           Power      Damage    Failure   Level
 Animate Skeleton         Necr           0%         N/A       38%         1
 Apportation              Tloc           0%         N/A       38%         1
 Beastly Appendage        Tmut           0%         N/A       38%         1
 Foxfire                  Conj/Fire      0%         2x1d4     38%         1
 Summon Small Mammal      Summ           0%         N/A       38%         1
 Corpse Rot               Necr/Air       0%         N/A       54%         2
 Ensorcelled Hibernation  Hex/Ice        0%         N/A       54%         2
 Passwall                 Tmut/Erth      0%         N/A       54%         2
 Poisonous Vapours        Pois/Air       0%         N/A       54%         2
 Wereblood                Tmut           0%         N/A       54%         2
 Conjure Flame            Conj/Fire      0%         6-21      77%         3
 Inner Flame              Hex/Fire       0%         N/A       77%         3
 Spider Form              Tmut/Pois      0%         N/A       77%         3
 Swiftness                Air            0%         N/A       77%         3
 Flame Wave               Conj/Fire      0%         2d4       99%         4
 Leda's Liquefaction      Hex/Erth       0%         N/A       99%         4
 Lee's Rapid Deconstruct  Erth           0%         3d5*      100%        5
 Statue Form              Tmut/Erth      0%         N/A       100%        6


Dungeon Overview and Level Annotations

Branches:
Dungeon (10/15)            Temple (1/1) D:4            Lair (2/6) D:8
  Snake (0/4) Lair:2        Sewer (visited)
  Swamp: Lair:2-4    Shoals: Lair:2-4       Orc: D:9-12

Altars:
Ashenzari
Cheibriados
Dithmenos
Elyvilon
Fedhas
Gozag
Hepliaklqana
Kikubaaqudgha
Makhleb
Nemelex Xobeh
Okawaru
Qazlal
Ru
Sif Muna
Trog
Uskayaw
Vehumet
Wu Jian
Xom
Yredelemnul
Zin
The Shining One

Shops:
D:4 (   D:9 (*(*

Annotations:
D:7 1 runed translucent door, manifold's ghost, novice DjFE
Lair:2 3 runed translucent doors, kae's ghost, journeyman DEFE


Innate Abilities, Weirdness & Mutations

You have a beak for a mouth.
You have claws for feet.
Your magical nature lets you fly swiftly and evasively.


Message History

The komodo dragon bites you!!
* * * LOW HITPOINT WARNING * * *
Shoot: a) +4 longbow of the Foot {venom, *Slow Fly rF+++ Dex-2}
Press: ? - help, Q - select action, (/) - cycle Shift-Dir - straight line, f/p - komodo dragon
Aim: a komodo dragon (heavily wounded, extremely poisoned, 81% to hit)
You shoot an arrow. The arrow hits the komodo dragon.
The komodo dragon looks as sick as possible!
The komodo dragon is heavily wounded.
The komodo dragon completely misses you.
The blink frog blinks!
Shoot: a) +4 longbow of the Foot {venom, *Slow Fly rF+++ Dex-2}
Press: ? - help, Q - select action, (/) - cycle Shift-Dir - straight line, f/p - komodo dragon
Aim: a komodo dragon (severely wounded, extremely poisoned, 81% to hit)
You shoot an arrow. The arrow hits the komodo dragon!!
You kill the komodo dragon!
Shoot: a) +4 longbow of the Foot {venom, *Slow Fly rF+++ Dex-2}
Press: ? - help, Q - select action, (/) - cycle Shift-Dir - straight line, f - yak
Aim: a yak (83% to hit)
You shoot an arrow. The arrow hits the yak!!
The yak is poisoned.
The yak is heavily wounded.
The blink frog blinks!
The blink frog blinks!
Really attack while wielding the +4 longbow of the Foot {venom, *Slow Fly rF+++ Dex-2}?
Okay, then.
Shoot: a) +4 longbow of the Foot {venom, *Slow Fly rF+++ Dex-2}
Press: ? - help, Q - select action, (/) - cycle Shift-Dir - straight line, f/p - yak
Aim: a yak (almost dead, poisoned, 83% to hit)
You shoot an arrow.
The arrow hits the yak but does no damage.
The yak looks even sicker.
The yak is almost dead.
The blink frog hits you!
* * * LOW HITPOINT WARNING * * *
Shoot: a) +4 longbow of the Foot {venom, *Slow Fly rF+++ Dex-2}
Press: ? - help, Q - select action, (/) - cycle Shift-Dir - straight line, f/p - yak
Aim: a yak (almost dead, very poisoned, 83% to hit)
You shoot an arrow. The arrow hits the yak!!
You kill the yak!
The blink frog hits you!
You die...

##.#.##.................#......#.
..F........#.###..#..............
.....P#...#....................#.
.....##..........................
..†..##...#.§......#...........#.
.....##............#...........#.
#...###...#........#.............
#.#####...###.####.#....#+#.P.##.
...............†@F...............
..>..............................
.................................
#...###################..###P#.##
##### #### ######


You could see a blink frog.

Vanquished Creatures
  2 dire elephants (Lair:1)
  A hydra (Lair:1)
  3 two-headed ogres
  Lodul (D:10)
  A deep elf zephyrmancer (D:8)
  3 oklob plants (D:10)
  4 elephants (Lair:2)
  2 black mambas (Lair:1)
  A gargoyle (D:10)
  4 cane toads
  A rime drake (Lair:1)
  A kobold demonologist (D:10)
  A freezing wraith (D:9)
  4 komodo dragons
  2 hornets
  6 blink frogs
  Sigmund (D:3)
  30 yaks
  A shadow (D:7)
  2 wyverns
  A basilisk (Lair:1)
  A steam dragon (D:9)
  3 nagas (Lair:2)
  9 water moccasins
  An acid dragon (D:10)
  A floating eye (D:10)
  3 orc warriors
  An ice beast (D:7)
  2 black bears
  5 ogres
  4 centaurs
  12 kobold brigands
  A necrophage (D:5)
  9 bullfrogs
  A scorpion (D:4)
  8 wights
  8 killer bees
  2 howler monkeys
  2 electric eels (Lair:1)
  A crimson imp (D:4)
  2 hounds
  2 jellies (D:8)
  4 orc priests
  A gnoll shaman (D:5)
  Crazy Yiuf (D:6)
  An iguana (D:4)
  Natasha (D:2)
  11 orc wizards
  Robin (D:3)
  13 adders
  8 gnolls
  A river rat (Sewer)
  2 shadow imps
  2 white imps
  2 ufetubi (D:6)
  4 worms
  3 dart slugs
  34 orcs
  6 bats
  6 endoplasms
  4 giant cockroaches
  9 hobgoblins
  6 jackals
  43 kobolds
  2 quokkas
  7 ball pythons
  4 frilled lizards
  15 goblins
  7 rats
  A butterfly (Lair:1)
349 creatures vanquished.

Vanquished Creatures (others)
  A two-headed ogre (D:10)
  A bush (D:10)
  2 demonic plants (D:2)
  6 fungi
  68 plants
  11 toadstools (Lair:1)
  3 withered plants
92 creatures vanquished.

Grand Total: 441 creatures vanquished

Notes
Turn   | Place    | Note
-------+----------+-------------------------------------------
     0 | D:1      | night the Tengu Hunter began the quest for the Orb.
     0 | D:1      | Reached XP level 1. HP: 12/12 MP: 2/2
    52 | D:1      | Reached XP level 2. HP: 15/17 MP: 3/3
   714 | D:1      | Reached skill level 5 in Bows
   970 | D:1      | Reached XP level 3. HP: 8/22 MP: 4/4
  1239 | D:2      | Found a faded altar of an unknown god.
  1827 | D:2      | Found a radiant altar of Vehumet.
  2192 | D:3      | Reached XP level 4. HP: 27/27 MP: 5/5
  2200 | D:3      | Reached skill level 1 in Long Blades
  2209 | D:3      | Noticed Robin
  2217 | D:3      | Killed Robin
  2449 | D:3      | Found a basalt altar of Yredelemnul.
  2451 | D:3      | Noticed Natasha
  2476 | D:3      | HP: 3/28 [Natasha (3)]
  2487 | D:2      | HP: 2/28 [iron imp[Natasha] (6)]
  2488 | D:2      | Killed Natasha
  2489 | D:2      | Gained mutation: Your magical nature lets you fly swiftly
                  | and evasively. [Tengu growth]
  2489 | D:2      | Reached XP level 5. HP: 3/32 MP: 6/6
  2792 | D:3      | Noticed Sigmund
  3011 | D:3      | Killed Sigmund
  3012 | D:3      | Reached skill level 2 in Axes
  3012 | D:3      | Reached skill level 6 in Bows
  3012 | D:3      | Reached XP level 6. HP: 7/37 MP: 7/7
  3338 | D:3      | Identified a scroll of acquirement
  3338 | D:3      | Acquired the ring of Yfomni Kuuch {rF+ Dex+6 Slay+3 Stlth+}
  3407 | D:3      | Found a stormy altar of Qazlal.
  3850 | D:4      | Noticed a black bear
  3855 | D:4      | Killed a black bear
  3950 | D:4      | Found a snail-covered altar of Cheibriados.
  3989 | D:4      | Reached skill level 7 in Bows
  3990 | D:4      | Reached skill level 2 in Long Blades
  4101 | D:4      | Found a burning altar of Makhleb.
  4103 | D:4      | Found a radiant altar of Vehumet.
  4177 | D:4      | Reached XP level 7. HP: 42/43 MP: 8/8
  4197 | D:4      | Found a glowing drain.
  4205 | Sewer    | Entered a sewer
  4337 | Sewer    | Found a glowing silver altar of Zin.
  4349 | Sewer    | Became a worshipper of Zin the Law-Giver
  4349 | Sewer    | Reached * piety under Zin
  4466 | D:4      | Found Niumefaf's Weapon Boutique.
  5095 | D:4      | Found a blossoming altar of Fedhas.
  5140 | D:4      | Found a staircase to the Ecumenical Temple.
  5149 | Temple   | Entered the Ecumenical Temple
  5483 | D:5      | Entered Level 5 of the Dungeon
  5694 | D:5      | Reached skill level 8 in Bows
  5727 | D:5      | Reached XP level 8. HP: 46/48 MP: 9/9
  5850 | D:5      | Acquired the +4 longbow of the Foot {venom, *Slow Fly rF+++
                  | Dex-2}
  5913 | D:5      | Reached skill level 5 in Fighting
  6027 | D:5      | Reached ** piety under Zin
  6223 | D:5      | Found a glowing golden altar of the Shining One.
  6593 | D:6      | Reached skill level 9 in Bows
  7024 | D:6      | Found a runed translucent door.
  7025 | D:6      | Noticed Crazy Yiuf
  7034 | D:6      | Killed Crazy Yiuf
  7649 | D:7      | Noticed a shadow
  7652 | D:7      | Killed a shadow
  7653 | D:7      | Reached skill level 10 in Bows
  7656 | D:7      | Reached XP level 9. HP: 44/55 MP: 10/10
  7858 | D:7      | Noticed manifold's ghost (novice DjFE)
  7861 | D:7      | Found a runed translucent door.
  8466 | D:7      | Reached skill level 11 in Bows
  8470 | D:7      | Found a shimmering blue altar of Sif Muna.
  8660 | D:7      | Found a glowing silver altar of Zin.
  8702 | D:7      | You are sucked into a shaft and drop 2 floors!
  8707 | D:9      | Found Ischyj's Weapon Shoppe.
  8769 | D:9      | Reached *** piety under Zin
  8823 | D:9      | Found a shadowy altar of Dithmenos.
  8831 | D:9      | Found a sparkling altar of Nemelex Xobeh.
  8834 | D:9      | Found Nutwu's Assorted Antiques.
  8844 | D:9      | Reached XP level 10. HP: 53/63 MP: 11/11
  8899 | D:9      | Bought a dazzling rapier for 243 gold pieces
  8899 | D:9      | Identified the +5 rapier of Abuse {chaos, *Noise rElec
                  | MP+9} (You bought it in a shop on level 9 of the Dungeon)
  9009 | D:9      | Found Noczenong's Weapon Shop.
  9191 | D:9      | HP: 9/63 [freezing wraith (10)]
  9475 | D:8      | Reached skill level 12 in Bows
  9485 | D:8      | Reached skill level 5 in Dodging
  9485 | D:8      | Reached skill level 1 in Invocations
  9810 | D:8      | Noticed a two-headed ogre
  9816 | D:8      | Killed a two-headed ogre
  9817 | D:8      | Reached skill level 2 in Invocations
 10177 | D:8      | Found a staircase to the Lair.
 10250 | D:8      | Reached **** piety under Zin
 10469 | D:8      | Noticed a deep elf zephyrmancer
 10473 | D:8      | Killed a deep elf zephyrmancer
 11243 | D:9      | Reached skill level 13 in Bows
 11343 | D:9      | Found a sacrificial altar of Ru.
 11520 | D:9      | Found Goytroty's Assorted Antiques.
 11579 | D:10     | Entered Level 10 of the Dungeon
 11581 | D:10     | Noticed Lodul
 11581 | D:10     | Noticed a two-headed ogre
 11584 | D:10     | Noticed a two-headed ogre
 11584 | D:10     | Noticed a two-headed ogre
 11617 | D:9      | Reached XP level 11. HP: 57/69 MP: 14/14
 11776 | D:10     | Noticed an oklob plant
 11783 | D:10     | Killed an oklob plant
 11861 | D:10     | Noticed an oklob plant
 11879 | D:10     | Killed an oklob plant
 12062 | D:10     | Noticed an oklob plant
 12150 | D:10     | Killed an oklob plant
 12417 | D:10     | Killed a two-headed ogre
 12418 | D:10     | Reached skill level 14 in Bows
 12420 | D:10     | Killed a two-headed ogre
 12523 | D:10     | Killed Lodul
 12685 | D:10     | Reached ***** piety under Zin
 12980 | D:10     | Reached skill level 5 in Invocations
 13166 | D:10     | Reached XP level 12. HP: 72/76 MP: 16/16
 13264 | D:10     | Identified the +2 flail "Ygafifi" {vorpal, rElec rCorr
                  | Str+7}
 13332 | D:10     | Found a hide-covered altar of Uskayaw.
 13564 | Lair:1   | Entered Level 1 of the Lair of Beasts
 13630 | Lair:1   | Noticed a six-headed hydra
 13638 | Lair:1   | Killed a six-headed hydra
 13825 | Lair:1   | Reached skill level 15 in Bows
 13971 | Lair:1   | Found a runed translucent door.
 14242 | Lair:1   | Noticed a dire elephant
 14242 | Lair:1   | Noticed a dire elephant
 14292 | Lair:1   | Killed a dire elephant
 14305 | Lair:1   | Killed a dire elephant
 14608 | Lair:1   | Reached skill level 10 in Fighting
 15559 | Lair:2   | Noticed a minotaur
 15564 | Lair:2   | Noticed kae's ghost (journeyman DEFE)
 15585 | Lair:2   | Found a runed translucent gate.
 15585 | Lair:2   | Found a runed translucent gate.
 15585 | Lair:2   | Found a runed translucent gate.
 15606 | Lair:2   | Reached skill level 16 in Bows
 15720 | Lair:2   | Found a staircase to the Snake Pit.
 15726 | Lair:2   | Reached XP level 13. HP: 83/83 MP: 19/19
 15879 | Lair:1   | HP: 12/83 [blink frog (9)]
 15880 | Lair:1   | Slain by a blink frog

Illustrated notes

Levels and vault maps discovered:
D:1:      dpeg_arrival_solitude, layout_loops_corners, minmay_fountain_box,
          minmay_pentomino_w2
D:2:      layout_rooms, shapermc_ecumenical_altar_gd, basic_altar,
          serial_bayou_lagoon_a
D:3:      layout_loops_ring, yredelemnul_altar_generic, grunt_qazlal_clouds,
          minmay_strange_pillars, uniq_natasha, uniq_sigmund, uniq_robin
D:4:      layout_basic, grunt_temple_overflow_lords_of_destruction,
          mainiacjoe_overflow_alcove_1, lemuel_round_altar,
          lemuel_temple_firewalk_b, lightli_sewer_entry_pipes, serial_shops,
          nicolae_shop_bloodbath_and_beyond
D:5:      layout_basic, nicolae_tso_carved_into_rock
D:6:      layout_layer_cave, uniq_crazy_yiuf_cottage
D:7:      layout_gridville, nicolae_overflow_hidden_temple,
          nicolae_overflow_crystal_walls, hellmonk_ghost_happy_afterlife,
          grunt_ministairs_6, hangedman_abyss_or_decor_lesser_grid
D:8:      layout_loops_corners, lair_entry_dummy, enter_ossuary_2,
          enter_bailey_5, guppyfry_early_elven_hall
D:9:      layout_layer_cave, mainiacjoe_overflow_chevrons,
          nemelex_xobeh_ov_fountains_minmay, nicolae_dithmenos_shadow_blocks,
          serial_shops, nicolae_shop_hallway_plus, nicolae_shop_crystal,
          nicolae_shop_crystal, nicolae_shop_trees
D:10:     layout_stronghold, nicolae_uskayaw_suspiria, disabler_island,
          uniq_lodul
Temple:   grunt_temple_mini_profane
Lair:1:   gammafunk_lair_enchanted_lake, layout_regular_city,
          chequers_serial_rivers_marsh, lemuel_fruit_fields
Lair:2:   layout_hall_layers, guppyfry_snake_entry_garden,
          maelrawn_ghost_gauntlet_escape

Skill      XL: |  1  2  3  4  5  6  7  8  9 10 11 12 |
---------------+-------------------------------------+-----
Bows           | 5 6 7 8 10 11 13 14 16 | 16.4
Long Blades    | 1 2 3 4 |  4.2
Fighting       | 3 4 6 7 8 9 10 | 10.7
Axes           | 2 |  2.0
Dodging        | 4 6 8 9 |  9.7
Invocations    | 3 5 6 |  6.9
Stealth        | |  1.0

Action                   |  1- 3 |  4- 6 |  7- 9 | 10-12 | 13-15 || total
-------------------------+-------+-------+-------+-------+-------++-------
Melee: Short sword       |     1 |     4 |     7 |     2 |       ||    14
       Kick              |       |     1 |     4 |     4 |       ||     9
       Peck              |       |       |     3 |     4 |       ||     7
       Shortbow          |       |       |     1 |       |       ||     1
       Long sword        |       |       |       |    10 |       ||    10
       Punch             |       |       |       |     1 |       ||     1
       Battleaxe         |       |       |       |     4 |       ||     4
 Fire: Shortbow          |    91 |   103 |    75 |    46 |       ||   315
       Longbow           |       |       |   136 |   384 |    36 ||   556
Invok: Recite            |       |       |     4 |     3 |       ||     7
       Vitalisation      |       |       |     2 |       |       ||     2
Evoke: Wand              |       |       |       |     4 |       ||     4
  Use: Scroll            |     5 |     1 |     1 |     8 |       ||    15
       Potion            |       |     2 |       |     1 |       ||     3
 Stab: Sleeping          |     1 |       |       |       |       ||     1
Armor: Ring mail         |     2 |    19 |    20 |    11 |       ||    52
       Leather armour    |       |       |       |     3 |     2 ||     5
Dodge: Dodged            |    14 |    49 |    77 |   147 |    43 ||   330

Table legend: (Time is in decaauts)
 A = Elapsed time spent in this place.
 B = Non-inter-level travel time spent in this place.
 C = Inter-level travel time spent in this place.
 D = Time resting spent in this place.
 E = Time spent auto-exploring this place.
 F = Levels seen in this place.
 G = Mean time per level.
                   A        B        C        D        E       F      G
               +--------+--------+--------+--------+--------+-----+--------+
         Total |  15292 |  14806 |    486 |   1882 |  10656 |  14 | 1092.3 |
       Dungeon |  12704 |  12325 |    379 |   1651 |   8963 |  10 | 1270.4 |
        Temple |    193 |    159 |     34 |      0 |    157 |   1 |  193.0 |
          Lair |   2225 |   2154 |     71 |    231 |   1460 |   2 | 1112.5 |
         Sewer |    168 |    168 |      0 |      0 |     75 |   1 |  168.0 |
               +--------+--------+--------+--------+--------+-----+--------+

Top non-repeatable levels by time:
     D:8: 1921 daAuts
    D:10: 1714 daAuts
  Lair:1: 1706 daAuts
     D:4: 1429 daAuts
     D:2: 1420 daAuts
     D:6: 1189 daAuts
     D:1: 1183 daAuts
     D:3: 1119 daAuts
     D:9: 1041 daAuts
     D:7: 1023 daAuts
     D:5: 661 daAuts
  Lair:2: 519 daAuts
  Temple: 193 daAuts
   Sewer: 168 daAuts
